 Dungeon Crawl Stone Soup version 0.31-a0-369-g8eba5f6939 (webtiles) character file.

Game seed: 5455888686339345291

13755 pokeman the Eclecticist (level 11, -4/64 HPs)
             Began as a Deep Elf Hedge Wizard on July 28, 2023.
             Was a Priest of Vehumet.
             Shot with an arrow by a centaur warrior (25 damage)
             ... on level 11 of the Dungeon.
             The game lasted 00:24:44 (14441 turns).

pokeman the Eclecticist (Deep Elf Hedge Wizard)    Turns: 14441, Time: 00:24:44

Health: -4/64      AC: 11    Str:  7    XL:     11   Next: 79%
Magic:  8/33       EV: 11    Int: 36    God:    Vehumet [***...]
Gold:   665        SH:  0    Dex: 14    Spells: 16/42 levels left

rFire   . . .        p - +1 dagger (venom)
rCold   . . .        (no shield)
rNeg    . . .        t - +0 acid dragon scales
rPois   +            h - +0 helmet
rElec   .            D - +1 cloak {rPois}
rCorr   +            f - +0 pair of gloves
SInv    .            (no boots)
Will    +....        (no amulet)
Stlth   ++           u - +6 ring of intelligence
HPRegen 0.30/turn    x - +6 ring of intelligence
MPRegen 0.23/turn

%: no passive effects
@: no status effects
A: no striking features
a: Renounce Religion


You were on level 11 of the Dungeon.
You worshipped Vehumet.
Vehumet was most pleased with you.
You visited 2 branches of the dungeon, and saw 12 of its levels.
You also visited: Sewer and Bailey.

You collected 790 gold pieces.
You spent 125 gold pieces at shops.

Inventory:

Hand Weapons
 p - a +1 dagger of venom (weapon)
Missiles
 j - 2 throwing nets
 F - 5 curare-tipped darts
Armour
 f - a +0 pair of gloves (worn)
 h - a +0 helmet (worn)
 t - +0 acid dragon scales (worn)
 A - a +0 troll leather armour
 D - a +1 cloak of poison resistance (worn)
 L - a +2 robe of fire resistance
Jewellery
 b - a ring of ice
 u - a +6 ring of intelligence (left hand)
 x - a +6 ring of intelligence (right hand)
 C - a +4 ring of slaying
 H - an amulet of magic regeneration
 N - an amulet of faith
Wands
 y - a wand of mindburst (27)
 E - a wand of flame (22)
 G - a wand of roots (20)
 O - a wand of paralysis (2)
Scrolls
 a - 2 scrolls of blinking
 c - 4 scrolls of fog
 e - 3 scrolls of poison
 g - 4 scrolls of teleportation
 i - 3 scrolls of enchant armour
 o - a scroll of amnesia
 q - a scroll of brand weapon
 w - a scroll of fear
 B - a scroll of revelation
 I - a scroll of butterflies
Potions
 d - 2 potions of magic
 k - 3 potions of lignification {unknown}
 l - 5 potions of curing {unknown}
 m - a potion of degeneration {unknown}
 n - 5 potions of mutation {unknown}
 r - 3 potions of brilliance {unknown}
 s - a potion of haste {unknown}
 v - 4 potions of heal wounds {unknown}
 z - a potion of berserk rage {unknown}
 J - 2 potions of invisibility {unknown}
 K - a potion of attraction {unknown}
 M - 2 potions of might {unknown}


   Skills:
 + Level 5.4 Fighting
 - Level 4.0 Armour
 - Level 3.0 Dodging
 - Level 3.0 Stealth
 * Level 16.0 Spellcasting
 + Level 9.4 Conjurations
 - Level 1.1 Summonings
 - Level 1.1 Translocations
 + Level 1.2 Fire Magic
 - Level 1.1 Ice Magic
 - Level 1.0 Air Magic
 + Level 9.0 Earth Magic
 - Level 1.0 Poison Magic
 - Level 1.1 Evocations


You had 16 spell levels left.
You knew the following spells:

 Your Spells              Type           Power      Damage    Failure   Level
a - Magic Dart            Conj           100%       1d8       1%          1
b - Mephitic Cloud        Conj/Pois/Air  54%        N/A       1%          3
c - Call Imp              Summ           72%        N/A       2%          2
d - Blink                 Tloc           72%        N/A       2%          2
e - Stone Arrow           Conj/Erth      100%       3d13      1%          3
f - Freezing Cloud        Conj/Ice/Air   27%        6-21      3%          5
g - Leda's Unmaking       Conj/Erth      38%        9d7       2%          6
h - Flame Wave            Conj/Fire      61%        2d14      1%          4

Your spell library contained the following spells:

 Spells                   Type           Power      Damage    Failure   Level
 Apportation              Tloc           72%        N/A       1%          1
 Summon Small Mammal      Summ           100%       N/A       1%          1
 Momentum Strike          Conj/Tloc      100%       3d10      1%          2
 Poisonous Vapours        Pois/Air       72%        N/A       1%          2
 Ignite Poison            Fire/Tmut/Pois 34%        N/A       1%          3
 Inner Flame              Hex/Fire       33%        N/A       1%          3
 Necrotise                Necr           100%       1d9       2%          1
 Slow                     Hex            100%       N/A       2%          1
 Cigotuvi's Dreadful Rot  Necr/Pois/Air  66%        N/A       2%          2
 Animate Armour           Summ/Erth      100%       N/A       2%          4
 Sublimation of Blood     Necr           28%        N/A       3%          2
 Wereblood                Tmut           28%        N/A       3%          2
 Leda's Liquefaction      Hex/Erth       28%        N/A       3%          4
 Call Canine Familiar     Summ           36%        N/A       4%          3
 Ozocubu's Armour         Ice            36%        N/A       4%          3
 Portal Projectile        Hex/Tloc       64%        N/A       5%          3
 Conjure Ball Lightning   Conj/Air       30%        3x3d10    11%         6
 Manifold Assault         Tloc           36%        N/A       14%         4
 Yara's Violent Unravell  Hex/Tmut       14%        3d7       16%         5
 Lehudib's Crystal Spear  Conj/Erth      38%        10d9      61%         8
 Ozocubu's Refrigeration  Ice            18%        4d11      94%         7
 Enfeeble                 Hex            14%        N/A       100%        7
 Summon Hydra             Summ           18%        N/A       100%        7
 Discord                  Hex            14%        N/A       100%        8
 Disjunction              Tloc           18%        N/A       100%        8


Dungeon Overview and Level Annotations

Branches:
Dungeon (11/15)            Temple (1/1) D:4            Lair (0/5) D:8
    Orc (0/2) D:9           Sewer (visited)          Bailey (visited)

Altars:
Ashenzari
Cheibriados
Dithmenos
Elyvilon
Fedhas
Gozag
Hepliaklqana
Kikubaaqudgha
Makhleb
Nemelex Xobeh
Okawaru
Qazlal
Ru
Sif Muna
Trog
Uskayaw
Vehumet
Wu Jian
Xom
Yredelemnul
Zin
The Shining One

Shops:
D:3 ?   D:4 (

Annotations:
D:10 1 runed translucent door


Message History

Press: ? - help, Shift-Dir - straight line, f - gnoll
Aim: a gnoll, wielding a +0 flail (chance to affect: 91%)
The ball explodes into a vile cloud!
The stinking cloud engulfs the gnoll but does no damage.
You hear a shout! x2
The gnoll is engulfed in noxious fumes.
The gnoll appears confused.
Unknown command.
You barely miss the gnoll.
The gnoll is engulfed in noxious fumes.
The gnoll appears confused.
The gnoll hits itself with a +0 flail!
You catch the helpless gnoll completely off-guard!
You puncture the gnoll!
You kill the gnoll!
Vehumet accepts your kill.
You feel your power returning.
The boulder beetle leaps!
The centaur warrior shoots an arrow.
The arrow hits you!
The centaur warrior shoots an arrow.
The arrow hits you!
Casting: Mephitic Cloud (safe; 1% risk of failure)
Confirm with . or Enter, or press ? or * to list all spells.
Aiming: Mephitic Cloud (safe; 1% risk of failure)
Press: ? - help, Shift-Dir - straight line, f - centaur warrior
Aim: a centaur warrior, wielding a +0 orcbow (moderately wounded, poisoned, chance to affect: 53%)
The ball explodes into a vile cloud!
The stinking cloud engulfs the centaur warrior but does no damage.
The centaur warrior is moderately wounded.
The centaur warrior is engulfed in noxious fumes.
The centaur warrior shoots an arrow.
The arrow hits you!
Unknown command.
Casting: Mephitic Cloud (safe; 1% risk of failure)
Confirm with . or Enter, or press ? or * to list all spells.
Aiming: Stone Arrow (safe; 1% risk of failure)
Press: ? - help, Shift-Dir - straight line, f/p - centaur warrior
Aim: a centaur warrior, wielding a +0 orcbow (noxious fumes, moderately wounded, poisoned, 84% to hit)
The stone arrow hits the centaur warrior!!
The centaur warrior is severely wounded.
The centaur warrior is engulfed in noxious fumes.
The centaur warrior shoots an arrow.
The arrow hits you.
The centaur warrior is engulfed in noxious fumes.
The centaur warrior shoots an arrow.
The arrow hits you!!
You die...

##### ####.#
##.####### #.#
.........# #.#
##.#.^...## #.#
..........## #.#
....(......## #.#
).(..#......# #.#
)###.#.###..# #.#
....B#.)....####@#
..#..c.....#§○...#
# #.###...##c#####
..#......###.#
........####.#
.###...c.).c.#
......#.######
........#
#...#####


You could see a centaur warrior (poisoned).

Vanquished Creatures
  Harold (D:9)
  2 two-headed ogres
  An orc knight (Bailey)
  A cyclops (D:11)
  A manticore (D:6)
  An elephant (D:8)
  Joseph (D:10)
  2 trolls
  2 hornets (D:9)
  A vampire (D:10)
  3 shadows
  16 yaks
  3 slime creatures (D:7)
  A basilisk (D:8)
  3 steam dragons (D:8)
  Menkaure (D:4)
  2 vampire mosquitoes (D:10)
  3 water moccasins
  A black bear (D:8)
  10 orc warriors
  An ice beast (D:6)
  3 sky beasts
  4 centaurs
  5 kobold brigands
  A phantom (D:4)
  2 gnoll sergeants
  5 bullfrogs
  8 wights
  A scorpion (D:5)
  6 killer bees (D:7)
  4 howler monkeys
  An electric eel (D:6)
  5 orc priests
  A gnoll bouda (D:8)
  3 hounds
  7 jellies
  2 iguanas
  Natasha (thrice) (D:3)
  9 orc wizards
  Robin (D:3)
  10 adders
  13 gnolls
  A shadow imp (D:8)
  3 white imps
  An ufetubus (D:5)
  A worm (D:4)
  A dart slug (D:7)
  42 orcs
  16 ball pythons
  5 endoplasms
  10 giant cockroaches
  11 hobgoblins
  11 jackals
  6 quokkas
  3 bats
  10 frilled lizards
  14 goblins
  19 kobolds
  A kobold zombie (D:10)
  6 rats
312 creatures vanquished.

Vanquished Creatures (collateral kills)
  A scorpion (D:4)
  A worm (D:2)
  An endoplasm (D:7)
  A quokka (D:2)
4 creatures vanquished.

Grand Total: 316 creatures vanquished

Notes
Turn   | Place    | Note
-------+----------+-------------------------------------------
     0 | D:1      | pokeman the Deep Elf Hedge Wizard began the quest for the
                  | Orb.
     0 | D:1      | Reached XP level 1. HP: 10/10 MP: 7/7
   224 | D:1      | Found a faded altar of an unknown god.
   241 | D:1      | Reached XP level 2. HP: 7/16 MP: 1/9
   919 | D:1      | Reached skill level 5 in Spellcasting
  1344 | D:2      | Reached XP level 3. HP: 20/20 MP: 8/11
  1348 | D:2      | Learned a level 3 spell: Mephitic Cloud
  1351 | D:2      | Learned a level 2 spell: Call Imp
  1354 | D:2      | Learned a level 2 spell: Blink
  1358 | D:2      | Learned a level 3 spell: Stone Arrow
  1641 | D:2      | Reached skill level 1 in Fighting
  1758 | D:2      | Reached skill level 1 in Armour
  2150 | D:2      | Reached XP level 4. HP: 25/25 MP: 7/13
  2778 | D:3      | Found a shimmering altar of Xom.
  2795 | D:3      | Found a hazy altar of Hepliaklqana.
  2796 | D:3      | Noticed a spectral ugly thing
  2837 | D:3      | Found Ycvy's Magic Scroll Shoppe.
  2843 | D:3      | Bought a scroll of noise for 10 gold pieces
  2843 | D:3      | Bought a scroll of identify for 20 gold pieces
  2843 | D:3      | Bought a scroll of blinking for 75 gold pieces
  2843 | D:3      | Bought a scroll of identify for 20 gold pieces
  3016 | D:3      | Noticed Natasha
  3025 | D:3      | Killed Natasha
  3262 | D:3      | Noticed Robin
  3303 | D:3      | Killed Robin
  3304 | D:3      | Reached skill level 6 in Spellcasting
  3304 | D:3      | Reached XP level 5. HP: 10/29 MP: 3/15
  3531 | D:3      | Noticed Natasha
  3536 | D:3      | Killed Natasha
  3537 | D:3      | Reached skill level 1 in Air Magic
  4138 | D:3      | Noticed Natasha
  4145 | D:3      | Killed Natasha
  4146 | D:3      | Reached skill level 1 in Earth Magic
  4146 | D:3      | Reached skill level 1 in Poison Magic
  4372 | D:4      | Noticed Menkaure
  4373 | D:4      | Noticed a water moccasin
  4389 | D:4      | Killed a water moccasin
  4390 | D:4      | Reached XP level 6. HP: 13/34 MP: 10/17
  4420 | D:4      | Killed Menkaure
  4421 | D:4      | Reached skill level 7 in Spellcasting
  4568 | D:4      | Found a glowing drain.
  4579 | Sewer    | Entered a sewer
  5005 | Sewer    | Reached XP level 7. HP: 36/40 MP: 10/20
  5455 | D:4      | Found a staircase to the Ecumenical Temple.
  5461 | Temple   | Entered the Ecumenical Temple
  5623 | D:4      | Reached skill level 8 in Spellcasting
  5768 | D:4      | Found Zourade's Antique Weapon Emporium.
  5871 | D:5      | Entered Level 5 of the Dungeon
  6603 | D:6      | Reached XP level 8. HP: 44/44 MP: 17/22
  6615 | D:6      | Reached skill level 9 in Spellcasting
  7022 | D:6      | Reached skill level 5 in Conjurations
  7392 | D:6      | Reached skill level 1 in Evocations
  7408 | D:6      | Found a radiant altar of Vehumet.
  7450 | D:6      | Noticed a troll
  7490 | D:6      | Became a worshipper of Vehumet
  7532 | D:6      | Killed a troll
  7533 | D:6      | Reached skill level 10 in Spellcasting
  7533 | D:6      | Noticed a two-headed ogre
  7539 | D:6      | Killed a two-headed ogre
  7540 | D:6      | Reached skill level 11 in Spellcasting
  7540 | D:6      | Reached skill level 5 in Earth Magic
  7540 | D:6      | Reached XP level 9. HP: 48/48 MP: 9/26
  7549 | D:6      | Noticed a manticore
  7555 | D:6      | Killed a manticore
  7902 | D:7      | Learned a level 5 spell: Freezing Cloud
  7928 | D:7      | Found a flagged portal.
  7937 | Bailey   | Entered a bailey
  8372 | Bailey   | Reached skill level 12 in Spellcasting
  8372 | Bailey   | Reached skill level 1 in Ice Magic
  8584 | Bailey   | Got the Handbook of Helpful Arcane Combat
  8599 | Bailey   | Learned a level 6 spell: Leda's Unmaking
  8611 | Bailey   | Noticed an orc knight
  8619 | Bailey   | Killed an orc knight
  8620 | Bailey   | Reached XP level 10. HP: 54/54 MP: 24/28
  8911 | D:7      | Reached * piety under Vehumet
  8911 | D:7      | Offered knowledge of Sandblast by Vehumet.
  9097 | D:7      | Found a snail-covered altar of Cheibriados.
  9625 | D:7      | Reached skill level 13 in Spellcasting
  9772 | D:7      | Reached ** piety under Vehumet
  9841 | D:7      | Offered knowledge of Searing Ray by Vehumet.
 10589 | D:8      | Found a staircase to the Lair.
 10589 | D:8      | Noticed an elephant
 10614 | D:8      | Killed an elephant
 10802 | D:8      | Reached skill level 14 in Spellcasting
 10943 | D:8      | Found a shimmering blue altar of Sif Muna.
 10943 | D:8      | Found an iron altar of Okawaru.
 11103 | D:8      | Offered knowledge of Frozen Ramparts by Vehumet.
 11613 | D:9      | Noticed Harold
 11643 | D:9      | Killed Harold
 11647 | D:9      | Reached XP level 11. HP: 38/61 MP: 3/31
 11847 | D:9      | Found a large runed translucent door.
 11847 | D:9      | Found a large runed translucent door.
 11985 | D:9      | Noticed a two-headed ogre
 11992 | D:9      | Killed a two-headed ogre
 12812 | D:9      | Reached skill level 15 in Spellcasting
 12831 | D:9      | Reached *** piety under Vehumet
 12949 | D:9      | Found a staircase to the Orcish Mines.
 13087 | D:9      | Found a sacrificial altar of Ru.
 13098 | D:9      | Found an ornate altar of the Wu Jian Council.
 13147 | D:10     | Entered Level 10 of the Dungeon
 13163 | D:10     | Found a runed translucent door.
 13187 | D:10     | Reached skill level 5 in Fighting
 13333 | D:10     | Found a basalt altar of Yredelemnul.
 13410 | D:10     | Noticed Joseph
 13418 | D:10     | Killed Joseph
 13734 | D:10     | Found a broken altar of Ashenzari.
 13746 | D:10     | Offered knowledge of Flame Wave by Vehumet.
 13760 | D:10     | Learned a level 4 spell: Flame Wave
 14375 | D:11     | Noticed a centaur warrior
 14395 | D:11     | Reached skill level 1 in Fire Magic
 14421 | D:11     | Noticed a boulder beetle
 14427 | D:11     | Reached skill level 16 in Spellcasting
 14441 | D:11     | Shot with an arrow by a centaur warrior

Illustrated notes

Levels and vault maps discovered:
D:1:      lightli_arrival_boilingwater, layout_basic, serial_glass,
          glass_columns_a, glass_columns_b,
          hellmonk_ecumenical_altar_crossroads, minivault_25
D:2:      layout_basic, serial_co_window_serial, co_window_of_opportunity_a,
          co_window_of_opportunity_a, co_window_corner_a, co_window_paths_a,
          co_window_paths_b, co_window_cross_1, co_window_corner_b,
          co_window_unsneaky_path_c, co_window_of_opportunity_c,
          co_window_of_opportunity_b, co_window_unsneaky_path_b,
          co_window_4corner_b, glass_columns_b, glass_columns_a,
          glass_columns_b, minivault_25, st_stairs_9, minmay_pentomino_u4
D:3:      layout_loops_ring, regret_index_temple_of_mockery, serial_shops, shop,
          kennysheep_flooded_box, chequers_jeans, nicolae_figureground_pulse,
          uniq_natasha, uniq_robin
D:4:      layout_basic, minmay_temple_entry_enclosed_plants, serial_shops,
          kennysheep_little_box, portal_sewer_entry_d, uniq_menkaure
D:5:      layout_basic, dk_noncrumbling_3, hangedman_abyss_or_decor_stagger
D:6:      minmay_cornered_nines, layout_cave_pools, marbit_many_paths,
          minivault_4
D:7:      cheibrodos_fertilizer, layout_basic, kennysheep_slug_shrine,
          enter_bailey_8, grunt_ministairs_15
D:8:      cheibrodos_steamvent, layout_loops_ring,
          mainiacjoe_overflow_divided_tiny, david_lair_generic,
          minmay_liquid_box
D:9:      layout_basic, jmf_multi_god_temple2, david_orc_4, uniq_harold
D:10:     layout_roguey, dk_yredelemnul_ordeal, overflow_temple_1_default,
          uniq_joseph
D:11:     hangedman_cross_stitches, layout_loops_cross, serial_shops, shop,
          uniq_gastronok
Temple:   nicolae_temple_x_marks_the_god

Skill      XL: |  1  2  3  4  5  6  7  8  9 10 11 |
---------------+----------------------------------+-----
Spellcasting   | 5 6 7 8 11 12 14 16 | 16.0
Fighting       | 1 2 4 5 |  5.4
Armour         | 1 2 3 4 |  4.0
Conjurations   | 2 3 4 5 7 8 9 |  9.4
Stealth        | 3 |  3.0
Dodging        | 3 |  3.0
Air Magic      | 1 |  1.0
Earth Magic    | 1 2 3 5 6 7 9 |  9.0
Poison Magic   | 1 |  1.0
Evocations     | 1 |  1.1
Ice Magic      | 1 |  1.1
Fire Magic     | 1 |  1.2
Summonings     | |  1.1
Translocations | |  1.1

Action                     |  1- 3 |  4- 6 |  7- 9 | 10-12 || total
---------------------------+-------+-------+-------+-------++-------
  Melee: Dagger            |     8 |    60 |    56 |   142 ||   266
         Punch             |       |     1 |     2 |     2 ||     5
   Cast: Magic Dart        |   101 |   129 |    73 |    30 ||   333
         Call Imp          |     1 |     4 |       |     1 ||     6
         Mephitic Cloud    |       |     5 |    17 |    28 ||    50
         Blink             |       |     2 |       |       ||     2
         Stone Arrow       |       |       |    47 |   163 ||   210
    Use: Scroll            |       |       |       |     9 ||     9
   Stab: Sleeping          |     1 |       |       |       ||     1
         Confused          |       |     3 |     9 |    13 ||    25
 Armour: Robe              |     5 |    24 |    10 |       ||    39
         Acid dragon scale |       |       |       |    56 ||    56
  Dodge: Dodged            |    21 |    56 |    36 |    68 ||   181

Table legend: (Time is in decaauts)
 A = Elapsed time spent in this place.
 B = Non-inter-level travel time spent in this place.
 C = Inter-level travel time spent in this place.
 D = Time resting spent in this place.
 E = Time spent auto-exploring this place.
 F = Levels seen in this place.
 G = Mean time per level.
                   A        B        C        D        E       F      G
               +--------+--------+--------+--------+--------+-----+--------+
         Total |  14539 |  14082 |    457 |    452 |  11488 |  14 | 1038.5 |
       Dungeon |  12975 |  12518 |    457 |    323 |  10282 |  11 | 1179.5 |
        Temple |      1 |      1 |      0 |      0 |      0 |   1 |    1.0 |
         Sewer |    819 |    819 |      0 |      0 |    702 |   1 |  819.0 |
        Bailey |    743 |    743 |      0 |    129 |    503 |   1 |  743.0 |
               +--------+--------+--------+--------+--------+-----+--------+

Top non-repeatable levels by time:
     D:7: 1908 daAuts
     D:3: 1691 daAuts
     D:9: 1565 daAuts
     D:2: 1336 daAuts
     D:6: 1233 daAuts
     D:1: 1226 daAuts
     D:8: 1108 daAuts
    D:10: 1068 daAuts
     D:4: 886 daAuts
   Sewer: 819 daAuts
  Bailey: 743 daAuts
     D:5: 724 daAuts
    D:11: 224 daAuts
  Temple: 1 daAuts
